 Dungeon Crawl Stone Soup version 0.20.0-1-g1cb1d84 (webtiles) character file.

35 straycat the Stinger (level 3, -2/25 HPs)
             Began as a Vampire Wanderer on May 26, 2017.
             Slain by a gnoll
             ... wielding a +0 halberd
              (14 damage)
             ... on level 2 of the Dungeon.
             The game lasted 00:11:35 (1104 turns).

straycat the Stinger (Vampire Wanderer)             Turns: 1104, Time: 00:11:36

Health: -2/25      AC:  6    Str: 10    XL:     3   Next: 17%
Magic:  5/5        EV: 10    Int: 14    God:
Gold:   7          SH:  0    Dex: 15    Spells: 3/4 levels left

rFire    . . .     SeeInvis +   h - -1 dagger (curse)
rCold    + . .     Gourm    .   (no shield)
rNeg     + + .     Faith    .   j - +0 ring mail
rPois    +         Spirit   .   (no helmet)
rElec    .         Reflect  .   (no cloak)
rCorr    .         Harm     .   (no gloves)
MR       .....                  n - +0 pair of boots
Stlth    +.........             (no amulet)
Regen    0.1/turn               i - ring of loudness (curse)
MPRegen  0.1/turn               (no ring)

@: regenerating slowly
A: fangs 3, see invisible, unbreathing
a: Bat Form


You were on level 2 of the Dungeon.
You were thirsty.

You visited 1 branch of the dungeon, and saw 2 of its levels.

You collected 7 gold pieces.

Inventory:

Hand Weapons
 a - a +2 dagger
 h - a cursed -1 dagger (weapon)
Missiles
 f - 52 stones (quivered)
 g - 43 arrows
Armour
 d - a +0 robe
 j - a +0 ring mail (worn)
 k - a +0 leather armour
 n - a +0 pair of boots (worn)
Jewellery
 i - a cursed ring of loudness (left hand)
 m - a cursed amulet of faith
Scrolls
 l - 2 scrolls of identify
Potions
 b - a potion of haste
 e - 8 potions of blood
 p - a potion of flight
Books
 c - the Volume of Toxins

   Spells                             Type                      Level
   a - Sting                          Conjuration/Poison           1
   b - Mephitic Cloud                 Conjuration/Poison/Air       3


   Skills:
 + Level 0.6 Fighting
 - Level 1.0 Throwing
 * Level 1.5 Dodging
 - Level 1.5 Stealth
 * Level 1.8 Unarmed Combat
 + Level 1.3 Spellcasting
   Level 1.1 Necromancy
   Level 2.4 Translocations
 - Level 2.6 Poison Magic


You had 3 spell levels left.
You knew the following spells:

 Your Spells              Type           Power        Failure   Level  Hunger
a - Sting                 Conj/Pois      #...         36%         1    ##.....


Dungeon Overview and Level Annotations

Branches:
Dungeon (2/15)

Altars:


Innate Abilities, Weirdness & Mutations

You heal slowly.
You have razor-sharp teeth.
You have supernaturally acute eyesight. (SInv)
You can survive without breathing.


Message History

You hit the gnoll.
The gnoll is moderately wounded.
The gnoll hits you but does no damage.
You hit the gnoll but do no damage.
The gnoll is moderately wounded.
The gnoll hits you with a halberd!
You hit the gnoll.
The gnoll is heavily wounded.
The gnoll closely misses you.
You hit the gnoll but do no damage.
The gnoll is heavily wounded.
The gnoll hits you with a halberd.
You hit the gnoll but do no damage.
The gnoll is heavily wounded.
The gnoll barely misses you. The gnoll completely misses you.
There is a stone staircase leading up here.
The gnoll hits you from afar with a halberd!
Ouch! That really hurt!
You die...

#..# ##.###.#
#.# #K#...# ..
#.K.## #.
###..# .# #.#
###g.# #. #..#
#....###..
#..####.##.##..
#...##.##.##.#
#@.gg...##.#
##..##.....##
#.#........###
.....#####..<.#
..#.###
#........
...>..#
####....#
....### ###.#
... #


You could see 2 gnolls.

Vanquished Creatures
  2 oozes (D:1)
  7 goblins (D:1)
  A hobgoblin (D:2)
  5 bats
  3 frilled lizards (D:1)
  3 kobolds (D:1)
  4 rats (D:1)
25 creatures vanquished.

Notes
Turn   | Place    | Note
-------+----------+-------------------------------------------
     0 | D:1      | straycat the Vampire Wanderer began the quest for the Orb.
     0 | D:1      | straycat set off with: a +2 dagger, a potion of haste, the Volume of Toxins, a +0 robe, a potion of blood
     0 | D:1      | Reached XP level 1. HP: 13/13 MP: 2/2
    10 | D:1      | Identified the Volume of Toxins
    12 | D:1      | Learned a level 1 spell: Sting
    93 | D:1      | Reached skill level 1 in Unarmed Combat
   118 | D:1      | Reached XP level 2. HP: 14/19 MP: 0/3
   530 | D:1      | Reached skill level 1 in Dodging
   671 | D:1      | Reached XP level 3. HP: 17/25 MP: 5/5
  1104 | D:2      | Slain by a gnoll

Skill      XL: |  1  2 |
---------------+-------+-----
Unarmed Combat | 1 |  1.8
Dodging        | 1 |  1.5
Fighting       | |  0.6
Throwing       | |  1.0
Stealth        | |  1.5
Spellcasting   | |  1.3
Necromancy     | |  1.1
Translocations | |  2.4
Poison Magic   | |  2.6

Action                   || total
-------------------------++-------
Melee: Unarmed           ||    23
       Bite              ||    15
       Dagger            ||   104
       Punch             ||     1
 Cast: Sting             ||    13
 Abil: End Transformatio ||     1
       Bat Form          ||     1
  Use: Potion            ||     3
       Scroll            ||     1
Armor: Robe              ||    11
       Ring mail         ||    46
Dodge: Dodged            ||    82
